 Dungeon Crawl Stone Soup version 0.30.1-8-g117510f58f (webtiles) character file.

Game seed: 9436440875659178691

52 monsoonserge the Trooper (level 3, 0/29 HPs)
             Began as a Demonspawn Monk on Sept 23, 2023.
             Slain by a gnoll
             ... wielding a +0 spear
              (4 damage)
             ... on level 2 of the Dungeon.
             The game lasted 00:01:52 (983 turns).

monsoonserge the Trooper (Demonspawn Monk)           Turns: 983, Time: 00:01:52

Health: 0/29       AC:  3    Str: 11    XL:     3   Next: 60%
Magic:  3/3        EV: 13    Int: 11    God:
Gold:   71         SH:  0    Dex: 23    Spells: 2/2 levels left

rFire   . . .        a - +0 falchion
rCold   . . .        d - orb {light}
rNeg    . . .        j - +0 leather armour
rPois   +            (helmet restricted)
rElec   .            (no cloak)
rCorr   .            (no gloves)
SInv    .            (no boots)
Will    .....        l - amulet of magic regeneration
Stlth   +            f - ring of poison resistance
HPRegen 0.24/turn    m - +6 ring of dexterity
MPRegen 0.48/turn

%: no passive effects
@: glowing
A: antennae 2
a: no special abilities


You were on level 2 of the Dungeon.
You visited 1 branch of the dungeon, and saw 2 of its levels.

You collected 71 gold pieces.

Inventory:

Hand Weapons
 a - a +0 falchion (weapon)
 h - a +0 short sword
Armour
 b - a +0 robe
 d - an orb of light (worn)
 j - a +0 leather armour (worn)
Magical Staves
 k - a staff of poison
Jewellery
 f - a ring of poison resistance (left hand)
 l - an amulet of magic regeneration (around neck)
 m - a +6 ring of dexterity (right hand)
Scrolls
 e - 2 scrolls of teleportation {unknown}
 i - a scroll of brand weapon {unknown}
 n - a scroll of blinking {unknown}
Potions
 c - a potion of ambrosia
 g - a potion of attraction {unknown}


   Skills:
 + Level 3.4 Fighting
 + Level 3.3 Long Blades
 + Level 0.5 Armour
 + Level 3.2 Dodging


You had 2 spell levels left.
You didn't know any spells.
Your spell library was empty.

Dungeon Overview and Level Annotations

Branches:
Dungeon (2/15)

Altars:


Innate Abilities, Weirdness & Mutations

You have a pair of antennae on your head.


Message History

Items here: )) ††.
Okay, then.
HP restored.
A goblin comes into view. It is wielding a +0 dagger.
The goblin shouts!
Found a stone.
The goblin misses you. The goblin hits you but does no damage.
You hit the goblin.
The goblin is moderately wounded.
The goblin barely misses you. The goblin hits you with a +0 dagger.
You slash the goblin!
You kill the goblin!
Things that are here:
a +0 dagger; a goblin corpse
Found a faded altar of an unknown god.
A gnoll comes into view. It is wielding a +0 whip.
The gnoll shouts!
A gnoll comes into view. It is wielding a +0 spear.
The gnoll shouts!
The gnoll hits you from afar with a +0 spear!
The gnoll closely misses you.
You hit the gnoll but do no damage. The gnoll hits you but does no damage.
The gnoll hits you with a +0 whip.
You barely miss the gnoll. The gnoll hits you but does no damage.
The gnoll barely misses you.
You slash the gnoll!
The gnoll is almost dead.
The gnoll hits you from afar with a +0 spear.
The gnoll hits you with a +0 whip.
You hit the gnoll but do no damage.
The gnoll is almost dead.
The gnoll hits you from afar with a +0 spear.
* * * LOW HITPOINT WARNING * * *
The gnoll misses you.
You hit the gnoll.
You kill the gnoll!
A rat comes into view.
The gnoll hits you from afar with a +0 spear.
You die...

##...### ##..# #..#.#
###..## #.##.# ###....#
#.#..# ##...##.# ....##
##..##...# ...####
#..##..###
......####..(..##
.#.##.#.....#########r##
.#..............@.g.......
........)##....)....###..#
##..........#####§_.###.#
................ .§.....
........#...#### ###..#
###.............###..##.##
# #.###..###.....[<.......
# #. #.## #####....###.##
. # # ..# #..h## #.


You could see a gnoll and a rat (wandering).

Vanquished Creatures
  A gnoll (D:2)
  2 adders (D:2)
  2 dart slugs (D:1)
  2 endoplasms
  A giant cockroach (D:1)
  5 goblins
  3 hobgoblins (D:1)
  3 jackals
  2 ball pythons (D:1)
  A bat (D:1)
  2 frilled lizards
  5 kobolds
  3 rats
32 creatures vanquished.

Notes
Turn   | Place    | Note
-------+----------+-------------------------------------------
     0 | D:1      | monsoonserge the Demonspawn Monk began the quest for the
                  | Orb.
     0 | D:1      | Reached XP level 1. HP: 18/18 MP: 1/1
   234 | D:1      | Gained mutation: You have a pair of small antennae on your
                  | head. [demonic ancestry]
   234 | D:1      | Reached XP level 2. HP: 17/24 MP: 2/2
   854 | D:2      | Gained mutation: You have a pair of antennae on your head.
                  | [demonic ancestry]
   854 | D:2      | Reached XP level 3. HP: 27/29 MP: 3/3
   973 | D:2      | Found a faded altar of an unknown god.
   983 | D:2      | Slain by a gnoll

Illustrated notes

Levels and vault maps discovered:
D:1:      erik_arrival_orb_chamber, layout_loops_ring
D:2:      minmay_inner_zag, layout_rooms, ebering_ecumenical_altar_mist

Skill      XL: |  1  2 |
---------------+-------+-----
Long Blades    | 3 |  3.3
Dodging        | 3 |  3.2
Fighting       | |  3.4
Armour         | |  0.5

Action                     || total
---------------------------++-------
  Melee: Falchion          ||    64
 Armour: Robe              ||     4
         Leather armour    ||    11
  Dodge: Dodged            ||    47
